 Dungeon Crawl Stone Soup version 0.22-a0-538-g76cc104 (webtiles) character file.

14445 Gildeon the Cleaver (level 11, -17/94 HPs)
             Began as a Minotaur Fighter on June 23, 2018.
             Was a High Priest of Nemelex Xobeh.
             Killed from afar by Harold (48 damage)
             ... with a bolt of fire
             ... on level 11 of the Dungeon.
             The game lasted 00:53:10 (9405 turns).

Gildeon the Cleaver (Minotaur Fighter)              Turns: 9405, Time: 00:53:12

Health: -17/94     AC: 17    Str: 21      XL:     11   Next: 88%
Magic:  13/13      EV:  9    Int:  5 (6)  God:    Nemelex Xobeh [*****.]
Gold:   80         SH: 12    Dex: 12      Spells: 9/14 levels left

rFire    x x .     SeeInvis .   a - +4 war axe
rCold    + + .     Gourm    .   c - +0 shield
rNeg     . . .     Faith    .   J - +1 plate armour
rPois    .         Spirit   .   (helmet restricted)
rElec    .         Reflect  .   F - +0 cloak
rCorr    .         Harm     .   (no gloves)
MR       .....                  l - +0 pair of boots
Stlth    ..........             w - amulet "Ali Roogh" {Regen+ Stlth+}
HPRegen  0.65/turn              D - ring of ice
MPRegen  0.13/turn              n - ring of ice

@: no status effects
A: retaliatory headbutt, horns 2, talons 1, deterioration 1, sturdy frame 1
a: Triple Draw, Deal Four, Stack Five, Renounce Religion


You were on level 11 of the Dungeon.
You worshipped Nemelex Xobeh.
Nemelex Xobeh was extremely pleased with you.
You were not hungry.

You visited 2 branches of the dungeon, and saw 12 of its levels.

You collected 530 gold pieces.
You spent 450 gold pieces at shops.

Inventory:

Hand Weapons
 a - a +4 war axe (weapon)
 u - a +2 hand axe of flaming
Armour
 c - a +0 shield (worn)
 l - a +0 pair of boots (worn)
 F - a +0 cloak (worn)
 J - a +1 plate armour (worn)
Jewellery
 i - an uncursed ring of protection from magic
 n - a ring of ice (right hand)
 w - the amulet "Ali Roogh" (around neck) {Regen+ Stlth+}
   (You found it on level 5 of the Dungeon)

   [amulet of regeneration]

   It increases your rate of regeneration.
   It makes you more stealthy.
 D - a ring of ice (left hand)
Wands
 b - a wand of paralysis (16)
 x - a wand of iceblast (11)
 y - a wand of flame (7)
 C - a wand of clouds (4)
Scrolls
 k - 5 scrolls of remove curse
 r - a scroll of teleportation
 t - a scroll of fear
 v - 3 scrolls of blinking
Potions
 d - 3 potions of might
 e - 4 potions of curing
 m - a potion of lignification
 o - 3 potions of flight
 p - 4 potions of brilliance
 q - a potion of cancellation
 s - a potion of berserk rage
 z - a potion of resistance
 E - 4 potions of heal wounds
 H - 2 potions of haste
Miscellaneous
 g - a legendary deck of summoning
 j - a plain deck of summoning {drawn: 3}
 I - a legendary deck of summoning
 K - a legendary deck of escape
Comestibles
 f - 17 rations


   Skills:
 + Level 7.8 Fighting
 * Level 13.6 Axes
 + Level 7.8 Armour
 + Level 5.9 Dodging
 - Level 10.0 Shields
 - Level 2.0 Spellcasting
 - Level 3.0 Conjurations
 + Level 4.9 Invocations
 + Level 4.8 Evocations


You had 9 spell levels left.
You knew the following spells:

 Your Spells              Type           Power        Failure   Level  Hunger
a - Magic Dart            Conj           #...         93%         1    ##.....
b - Sting                 Conj/Pois      #...         99%         1    ##.....
c - Infusion              Chrm           #...         100%        1    ##.....
d - Beastly Appendage     Tmut           #.....       100%        1    ##.....
e - Confusing Touch       Hex            #.....       100%        1    ##.....

Your spell library contained the following spells:

 Spells                   Type           Power        Failure   Level  Hunger
 Conjure Flame            Conj/Fire      #.......     100%        3    ####...
 Bolt of Magma            Conj/Fire/Erth #.........   100%        5    ######.
 Slow                     Hex            #.......     100%        2    ###....
 Confuse                  Hex            #.......     100%        3    ####...
 Mephitic Cloud           Conj/Pois/Air  #.......     100%        3    ####...
 Venom Bolt               Conj/Pois      #.........   100%        5    ######.
 Olgreb's Toxic Radiance  Pois           #.......     100%        4    #####..
 Blink                    Tloc           N/A          100%        2    ###....
 Call Imp                 Summ           #.......     100%        2    ###....
 Regeneration             Chrm/Necr      #.........   100%        3    ####...
 Iron Shot                Conj/Erth      #.........   100%        6    #######
 Spider Form              Tmut/Pois      #.........   100%        3    ####...
 Blade Hands              Tmut           #.........   100%        5    ######.
 Statue Form              Tmut/Erth      #........    100%        6    #######
 Ice Form                 Ice/Tmut       #.......     100%        4    #####..
 Dragon Form              Tmut           #.........   100%        7    #######
 Deflect Missiles         Chrm/Air       #.........   100%        6    #######
 Sticks to Snakes         Tmut           #.......     100%        2    ###....
 Metabolic Englaciation   Hex/Ice        #.........   100%        5    ######.
 Silence                  Hex/Air        #.........   100%        5    ######.
 Shatter                  Erth           #.........   100%        9    #######
 Conjure Ball Lightning   Conj/Air       #.........   100%        6    #######
 Petrify                  Tmut/Erth      #.......     100%        4    #####..
 Tornado                  Air            #.........   100%        9    #######
 Leda's Liquefaction      Hex/Erth       #.........   100%        4    #####..
 Shroud of Golubria       Chrm/Tloc      #.........   100%        2    ###....
 Song of Slaying          Chrm           #.......     100%        2    ###....
 Spectral Weapon          Hex/Chrm       #.......     100%        3    ####...
 Summon Lightning Spire   Summ/Air       #.......     100%        4    #####..
 Hydra Form               Tmut           #.........   100%        6    #######
 Irradiate                Conj/Tmut      #.........   100%        5    ######.
 Gell's Gravitas          Tloc           #.........   100%        3    ####...
 Yara's Violent Unravell  Hex/Tmut       #.........   100%        5    ######.
 Poisonous Vapours        Pois/Air       #.....       100%        2    ###....


Dungeon Overview and Level Annotations

Branches:
Dungeon (11/15)            Temple (1/1) D:4
   Lair: D:8-11         Orc: D:9-12

Altars:
Ashenzari
Cheibriados
Dithmenos
Elyvilon
Fedhas
Gozag
Hepliaklqana
Kikubaaqudgha
Makhleb
Nemelex Xobeh
Okawaru
Qazlal
Ru
Sif Muna
Trog
Uskayaw
Vehumet
Wu Jian
Xom
Yredelemnul
Zin
The Shining One

Shops:
D:5 :   D:8 =   D:11 %*

Annotations:
D:11 Harold


Innate Abilities, Weirdness & Mutations

You reflexively headbutt those who attack you in melee.
You have a pair of horns on your head.
You have sharp toenails.
Your body sometimes deteriorates upon taking damage.
Your movements are slightly less encumbered by armour. (ER -2)


Message History

A throwing net appears from out of thin air!
The throwing net hits you.
You become entangled in the net!
You see here a throwing net.
You tear a large gash into the net.
You struggle against the net.
You rip the net and break free!
You hear some strange, mumbled words.
A bolt of fire appears from out of thin air!
The bolt of fire hits you! The fire burns you terribly!
Ouch! That really hurt!
Your body deteriorates!
You feel dopey. Something hits you but does no damage.
You hit something. Something hits you!
You hit something.
You hear some strange, mumbled words.
A bolt of fire appears from out of thin air!
The bolt of fire hits you! The fire burns you terribly!
Ouch! That really hurt!
You die...
Your body glows with a rainbow of weird colours and disappears.

.......# #.....#
.##.##.# #...<.#
.##.##.# #.....#
.##.##.# #######
.##.##.# .......#
###.#### #.#
#######.# #.#
##...@{..#
#.########...######
#.......###.##
#######.....#
#######


There were no monsters in sight!

Vanquished Creatures
  A hydra (D:8)
  A two-headed ogre (D:10)
  A wolf spider zombie (D:9)
  An ugly thing (D:11)
  A cyclops (D:11)
  A centaur zombie (D:10)
  2 polar bears (D:10)
  A troll (D:9)
  A hippogriff (D:11)
  A dream sheep (D:8)
  A wyvern (D:8)
  14 yaks
  A steam dragon (D:10)
  Menkaure (D:4)
  2 water moccasins
  2 sky beasts
  3 ice beasts
  Duvessa (D:5)
  2 phantoms
  4 orc warriors
  2 black bears
  A necrophage (D:6)
  3 ogres
  A crocodile (D:9)
  2 centaurs
  3 big kobolds
  4 bullfrogs
  A wyvern zombie (D:9)
  A wyvern skeleton (D:9)
  2 scorpions
  4 crimson imps
  8 jellies
  3 bullfrog skeletons
  6 orc priests
  8 hounds
  4 orc wizards
  Jessica (D:2)
  A centaur skeleton (D:8)
  5 iguanas
  Ijyb (D:5)
  6 worker ants
  A hound skeleton (D:6)
  A worker ant zombie (D:9)
  A gnoll (D:9)
  10 adders
  A howler monkey skeleton (D:4)
  3 shadow imps
  4 oozes
  An adder skeleton (D:6)
  An adder zombie (D:10)
  4 worms
  6 dart slugs
  5 leopard geckos
  30 orcs
  A ball python (D:3)
  7 giant cockroaches
  7 goblins
  8 hobgoblins
  7 jackals
  2 quokkas
  6 bats
  6 frilled lizards
  15 kobolds
  A quokka skeleton (D:6)
  11 rats
248 creatures vanquished.

Vanquished Creatures (collateral kills)
  A tengu warrior (D:11)
  A skeletal warrior (D:11)
  Pikel (D:8)
  A cyclops (D:11)
  A manticore (D:11)
  An ugly thing (D:11)
  A komodo dragon (D:11)
  A polar bear (D:10)
  A troll (D:11)
  A hornet (D:7)
  A dream sheep (D:8)
  A slime creature (D:11)
  A hippogriff (shapeshifter) (D:11)
  2 yaks
  Sigmund (D:3)
  Eustachio (D:4)
  A hungry ghost (D:11)
  Edmund (D:6)
  6 orc warriors
  2 slaves (D:8)
  A black bear (D:10)
  A wolf (D:10)
  4 ogres
  A gnoll sergeant (D:9)
  4 big kobolds
  Dowan (D:5)
  A howler monkey (D:5)
  A bullfrog zombie (D:11)
  A jelly (D:11)
  Crazy Yiuf (D:6)
  2 orc priests (D:11)
  2 centaur skeletons
  An orc wizard (D:4)
  A hound skeleton (D:11)
  4 gnolls (D:9)
  An ufetubus (D:10)
  19 orcs
  A ball python (D:3)
  2 giant cockroaches
  A goblin (D:3)
  15 kobolds
92 creatures vanquished.

Vanquished Creatures (others)
  A centaur skeleton (D:8)
1 creature vanquished.

Grand Total: 341 creatures vanquished

Notes
Turn   | Place    | Note
-------+----------+-------------------------------------------
     0 | D:1      | Gildeon the Minotaur Fighter began the quest for the Orb.
     0 | D:1      | Reached XP level 1. HP: 19/19 MP: 0/0
   258 | D:1      | Reached XP level 2. HP: 24/27 MP: 1/1
   280 | D:1      | Reached skill level 3 in Axes
   530 | D:1      | Reached XP level 3. HP: 33/33 MP: 2/2
   581 | D:1      | Reached skill level 1 in Dodging
  1368 | D:2      | Reached XP level 4. HP: 40/40 MP: 3/3
  1454 | D:2      | Noticed Jessica
  1466 | D:2      | Killed Jessica
  1466 | D:2      | Reached skill level 4 in Axes
  1496 | D:2      | Found a sparkling altar of Nemelex Xobeh.
  1500 | D:2      | Became a worshipper of Nemelex Xobeh the Trickster
  1578 | D:2      | Received a gift from Nemelex Xobeh
  1582 | D:2      | Found a sparkling altar of Nemelex Xobeh.
  1787 | D:3      | Reached XP level 5. HP: 47/47 MP: 4/4
  1877 | D:3      | Noticed Sigmund
  1887 | D:3      | Killed Sigmund
  2057 | D:3      | Reached XP level 6. HP: 53/53 MP: 5/5
  2072 | D:3      | Reached skill level 5 in Axes
  2513 | D:4      | Found a staircase to the Ecumenical Temple.
  2535 | Temple   | Entered the Ecumenical Temple
  2571 | Temple   | Reached * piety under Nemelex Xobeh
  2571 | Temple   | Received a gift from Nemelex Xobeh
  2823 | D:4      | Noticed Menkaure
  2824 | D:4      | Noticed an orange demon
  2829 | D:4      | Killed Menkaure
  2829 | D:4      | Reached skill level 5 in Fighting
  2829 | D:4      | Reached skill level 5 in Armour
  2829 | D:4      | Reached skill level 5 in Shields
  2883 | D:4      | Reached XP level 7. HP: 61/61 MP: 6/6
  2894 | D:4      | Reached skill level 6 in Axes
  3082 | D:4      | Noticed Eustachio
  3098 | D:4      | Killed Eustachio
  3167 | D:4      | Received a gift from Nemelex Xobeh
  3346 | D:4      | Found a shadowy altar of Dithmenos.
  3421 | D:5      | Entered Level 5 of the Dungeon
  3457 | D:5      | Reached skill level 1 in Invocations
  3459 | D:5      | Reached skill level 7 in Axes
  3511 | D:5      | Got a brightly glowing ivory amulet
  3569 | D:5      | Reached XP level 8. HP: 68/68 MP: 7/7
  3631 | D:5      | Noticed Ijyb
  3646 | D:5      | Killed Ijyb
  3705 | D:5      | Found Deifioto's Book Emporium.
  3885 | D:5      | Noticed Dowan
  3886 | D:5      | Noticed Duvessa
  3920 | D:5      | Killed Duvessa
  3920 | D:5      | Reached skill level 8 in Axes
  3921 | D:5      | Killed Dowan
  4194 | D:6      | Identified the amulet "Ali Roogh" {Regen+ Stlth+} (You found it on level 5 of the Dungeon)
  4217 | D:6      | Learned a level 1 spell: Magic Dart
  4230 | D:6      | Reached ** piety under Nemelex Xobeh
  4250 | D:6      | Found a basalt altar of Yredelemnul.
  4271 | D:6      | Reached skill level 5 in Dodging
  4271 | D:6      | Reached skill level 1 in Evocations
  4493 | D:6      | Found a white marble altar of Elyvilon.
  4568 | D:6      | Noticed Edmund
  4576 | D:6      | Killed Edmund
  4576 | D:6      | Reached skill level 9 in Axes
  4576 | D:6      | Reached skill level 1 in Conjurations
  4743 | D:6      | Found a runed door.
  4747 | D:6      | Noticed Crazy Yiuf
  4750 | D:6      | Killed Crazy Yiuf
  4934 | D:7      | Found a shattered altar of Ashenzari.
  5030 | D:7      | Noticed a hornet
  5047 | D:7      | Killed a hornet
  5047 | D:7      | Reached XP level 9. HP: 36/74 MP: 7/9
  5088 | D:7      | Received a gift from Nemelex Xobeh
  5355 | D:7      | Reached skill level 1 in Spellcasting
  5484 | D:7      | Reached *** piety under Nemelex Xobeh
  5486 | D:7      | Gained mutation: You have sharp toenails. [potion of mutation]
  5486 | D:7      | Gained mutation: Your body sometimes deteriorates upon taking damage. [potion of mutation]
  5486 | D:7      | Gained mutation: Your movements are slightly less encumbered by armour. (ER -2) [potion of mutation]
  5622 | D:8      | Reached skill level 10 in Axes
  5679 | D:8      | Noticed a three-headed hydra
  5686 | D:8      | Killed a one-headed hydra
  5686 | D:8      | Reached skill level 11 in Axes
  5686 | D:8      | Reached XP level 10. HP: 78/81 MP: 11/11
  5718 | D:8      | Received a gift from Nemelex Xobeh
  5876 | D:8      | Noticed Pikel
  5891 | D:8      | Killed Pikel
  5945 | D:8      | Found an ornate altar of the Wu Jian Council.
  5946 | D:8      | Found Josh's Jewellery Shoppe.
  6016 | D:8      | Received a gift from Nemelex Xobeh
  6664 | D:9      | Reached **** piety under Nemelex Xobeh
  6664 | D:9      | Received a gift from Nemelex Xobeh
  6863 | D:9      | Found a shadowy altar of Dithmenos.
  6871 | D:9      | Reached skill level 12 in Axes
  7383 | D:9      | Found an ancient bone altar of Kikubaaqudgha.
  7425 | D:10     | Entered Level 10 of the Dungeon
  7464 | D:10     | Received a gift from Nemelex Xobeh
  7527 | D:10     | Found a bloodstained altar of Trog.
  7539 | D:10     | Reached XP level 11. HP: 65/91 MP: 13/13
  7563 | D:10     | Noticed a two-headed ogre
  7570 | D:10     | Killed a two-headed ogre
  7879 | D:10     | Reached skill level 10 in Shields
  8220 | D:11     | Received a gift from Nemelex Xobeh
  8280 | D:11     | Reached skill level 13 in Axes
  8372 | D:11     | Noticed a brown ugly thing
  8379 | D:11     | Killed a brown ugly thing
  8549 | D:11     | Found an opulent altar of Gozag.
  8565 | D:11     | Found Gozag's Platinum Reserve.
  8709 | D:11     | Noticed a skeletal warrior
  8721 | D:11     | Killed a skeletal warrior
  8796 | D:11     | Noticed a purple ugly thing
  8806 | D:11     | Killed a purple ugly thing
  8852 | D:11     | Noticed a tengu warrior
  8879 | D:11     | Killed a tengu warrior
  8969 | D:11     | Reached ***** piety under Nemelex Xobeh
  8981 | D:11     | Learned a level 1 spell: Sting
  8985 | D:11     | Learned a level 1 spell: Infusion
  9044 | D:11     | Found Qadatudd's Food Shop.
  9167 | D:5      | Bought a book of Changes for 250 gold pieces
  9167 | D:5      | Bought a book of Misfortune for 200 gold pieces
  9169 | D:5      | Learned a level 1 spell: Beastly Appendage
  9171 | D:5      | Learned a level 1 spell: Confusing Touch
  9398 | D:11     | Noticed Harold
  9405 | D:11     | Killed from afar by Harold

Vault maps used:
D:1:      dpeg_arrival_court, dk_noncrumbling_2, minmay_box_of_dots
D:2:      lemuel_round_altar, nemelex_dance_club_becter, uniq_jessica
D:3:      first_ration, kennysheep_generic_room_12, uniq_sigmund
D:4:      grunt_dithmenos_smoke, minmay_temple_entry_large_hall, uniq_eustachio,
          uniq_menkaure
D:5:      serial_shops, shop, uniq_ijyb, uniq_duvessa
D:6:      elyvilon_altar_4, marbit_many_paths, uniq_edmund,
          uniq_crazy_yiuf_cottage
D:7:      ashenzari_conservatory_becter
D:8:      lemuel_crystal_altar, serial_shops, nicolae_shop_window_shopping,
          hangedman_ranch, uniq_pikel
D:9:      lemuel_coloured_pillars_altar, basic_altar, minmay_misc_feat_ornament
D:10:     serial_ice, serial_ice_e, serial_ice_n, serial_ice_a, serial_ice_b,
          trog_ov_bears_minmay
D:11:     minmay_the_grid_triangle_9x9_rhombus_thin_mashed, lair_entry_dummy,
          orc_0_dummy, special_room, serial_shops, kennysheep_little_box,
          nicolae_gozag_zags_fifth_avenue, uniq_harold
Temple:   regret_index_temple_generic_petals

Skill      XL: |  1  2  3  4  5  6  7  8  9 10 11 |
---------------+----------------------------------+-----
Axes           | 3 4 5 7 9 11 12 13 | 13.6
Dodging        | 1 2 3 4 5 |  5.9
Shields        | 4 5 6 7 8 9 10 | 10.0
Fighting       | 4 5 6 7 |  7.8
Armour         | 4 5 6 7 |  7.8
Invocations    | 1 3 4 |  4.9
Evocations     | 1 3 4 |  4.8
Conjurations   | 1 2 3 |  3.0
Spellcasting   | 1 2 |  2.0

Action                   |  1- 3 |  4- 6 |  7- 9 | 10-12 || total
-------------------------+-------+-------+-------+-------++-------
Melee: War axe           |    87 |   112 |   271 |   328 ||   798
       Headbutt          |    17 |    17 |    59 |    64 ||   157
       Hand axe          |       |       |     6 |     8 ||    14
Evoke: Deck              |       |     6 |    12 |    25 ||    43
       Wand              |       |       |       |    42 ||    42
  Use: Scroll            |     5 |     2 |    13 |     5 ||    25
       Potion            |       |       |     2 |       ||     2
 Stab: Petrified         |       |       |       |     4 ||     4
       Distracted        |       |       |       |     3 ||     3
  Eat: Chunk             |     2 |     5 |     9 |     8 ||    24
       Ration            |       |       |       |     2 ||     2
Armor: Scale mail        |    27 |    53 |    43 |       ||   123
       Chain mail        |       |       |    66 |    24 ||    90
       Plate armour      |       |       |       |   137 ||   137
Dodge: Dodged            |    18 |    34 |    84 |    91 ||   227
Block: Shield            |    39 |    69 |   140 |   175 ||   423

Table legend:
 A = Spawn XP
 B = Non-spawn XP
 C = Spawn XP percentage of total XP
 D = Spawn monster count
 E = Non-spawn monster count
 F = Spawn count percentage of total count
 G = Total turns spent on level
                    A         B        C        D         E        F      G
               +---------+---------+-------+---------+---------+-------+---------
         Total |       0 |   20636 |   0.0 |       0 |     338 |   0.0 |  9405
               +---------+---------+-------+---------+---------+-------+---------
           D:1 |       0 |      61 |   0.0 |       0 |      28 |   0.0 |   877
           D:2 |       0 |     122 |   0.0 |       0 |      27 |   0.0 |   854
           D:3 |       0 |     307 |   0.0 |       0 |      34 |   0.0 |   818
           D:4 |       0 |     613 |   0.0 |       0 |      20 |   0.0 |   760
           D:5 |       0 |     782 |   0.0 |       0 |      20 |   0.0 |   822
           D:6 |       0 |     676 |   0.0 |       0 |      15 |   0.0 |   797
           D:7 |       0 |    1126 |   0.0 |       0 |      25 |   0.0 |   649
           D:8 |       0 |    3252 |   0.0 |       0 |      30 |   0.0 |  1020
           D:9 |       0 |    2976 |   0.0 |       0 |      29 |   0.0 |   872
          D:10 |       0 |    3954 |   0.0 |       0 |      33 |   0.0 |   725
          D:11 |       0 |    6767 |   0.0 |       0 |      77 |   0.0 |  1006
               +---------+---------+-------+---------+---------+-------+---------
